 Dungeon Crawl Stone Soup version 0.20-a0-1116-gaa52201 (webtiles) character file.

9020 JeffiDaFish the Magician (level 11, 0/64 HPs)
             Began as a Gargoyle Venom Mage on May 9, 2017.
             Was a Believer of Vehumet.
             Slain by a seven-headed hydra (12 damage)
             ... on level 1 of the Lair of Beasts.
             The game lasted 00:45:35 (10842 turns).

JeffiDaFish the Magician (Gargoyle Venom Mage)     Turns: 10842, Time: 00:45:36

Health: 0/64       AC: 16    Str: 18    XL:     11   Next: 40%
Magic:  6/21       EV: 14    Int: 16    God:    Vehumet [**....]
Gold:   573        SH:  0    Dex: 12    Spells: 7/24 levels left

rFire    + . .     SeeInvis .   a - +1 rapier (speed)
rCold    . . .     Gourm    .   (no shield)
rNeg     + . .     Faith    .   g - +0 leather armour
rPois    ∞         Spirit   .   k - +2 helmet
rElec    +         Reflect  .   (no cloak)
rCorr    .         Harm     .   m - +0 pair of gloves
MR       .....                  q - +0 pair of boots
Stlth    +++.......             d - amulet of magic regeneration
Regen    0.2/turn               y - ring of protection from fire
MPRegen  0.3/turn               (no ring)

@: mighty
A: negative energy resistance 1, electricity resistance, unbreathing,
petrification resistance, rot immunity, AC +7
a: Renounce Religion


You were on level 1 of the Lair of Beasts.
You worshipped Vehumet.
Vehumet was pleased with you.
You were very hungry.

You visited 2 branches of the dungeon, and saw 9 of its levels.
You also visited: Sewer.

You collected 573 gold pieces.

Inventory:

Hand Weapons
 a - a +1 rapier of speed (weapon)
Armour
 g - a +0 leather armour (worn)
 k - a +2 helmet (worn)
 m - a +0 pair of gloves (worn)
 q - a +0 pair of boots (worn)
Jewellery
 d - an amulet of magic regeneration (around neck)
 f - an uncursed amulet of regeneration
 y - a ring of protection from fire (left hand)
Wands
 h - a wand of lightning (9/15)
Scrolls
 l - 4 scrolls of remove curse
 r - 3 scrolls of teleportation
 s - 4 scrolls of identify
 u - a scroll of blinking
Potions
 e - 6 potions of brilliance
 j - 2 potions of might
 n - 4 potions of curing
 p - 2 potions of haste
 z - 4 potions of flight
Books
 b - a Young Poisoner's Handbook

   Spells                             Type                      Level
   a - Sting                          Conjuration/Poison           1
   b - Poisonous Vapours              Poison/Air                   2
   c - Mephitic Cloud                 Conjuration/Poison/Air       3
   d - Olgreb's Toxic Radiance        Poison                       4
   e - Venom Bolt                     Conjuration/Poison           5
Comestibles
 c - 5 bread rations
 i - 5 meat rations
 v - 2 royal jellies
 w - 3 fruits


   Skills:
 + Level 5.5 Fighting
 + Level 4.7 Short Blades
   Level 0.1 Polearms
 + Level 5.3 Armour
 * Level 6.2 Dodging
 + Level 6.6 Stealth
 * Level 7.1 Spellcasting
 + Level 5.5 Conjurations
 + Level 4.1 Air Magic
 + Level 6.6 Poison Magic


You had 7 spell levels left.
You knew the following spells:

 Your Spells              Type           Power        Failure   Level  Hunger
a - Sting                 Conj/Pois      ####         1%          1    None
b - Poisonous Vapours     Pois/Air       ###...       2%          2    None
c - Mephitic Cloud        Conj/Pois/Air  ###.....     4%          3    ##.....
d - Olgreb's Toxic Radia  Pois           ####....     9%          4    ####...
e - Venom Bolt            Conj/Pois      ####......   30%         5    #####..
f - Searing Ray           Conj           ###...       1%          2    None


Dungeon Overview and Level Annotations

Branches:
Dungeon (8/15)             Temple (0/1) D:7            Lair (1/6) D:8

Altars:
Ashenzari
Cheibriados
Dithmenos
Elyvilon
Qazlal
Uskayaw
Vehumet
Wu Jian
Xom
Yredelemnul
Zin
The Shining One

Shops:
D:7 (

Annotations:
D:3 Cesar21's ghost, weakling FeMo
Lair:1 Colliwobble's ghost, journeyman GrFi


Innate Abilities, Weirdness & Mutations

You are resistant to torment.
Your stone body is resilient. (AC +7)
You are immune to poison.
You resist negative energy. (rN+)
You are resistant to electric shocks. (rElec)
You can survive without breathing.
You are immune to petrification.
You are immune to rotting.


Message History

* * * LOW HITPOINT WARNING * * *
The seven-headed hydra closely misses you.
The seven-headed hydra bites you!
* * * LOW HITPOINT WARNING * * *
The seven-headed hydra bites you but does no damage. x4
You feel much better.
The seven-headed hydra bites you but does no damage.
The seven-headed hydra bites you. The seven-headed hydra bites you!
* * * LOW HITPOINT WARNING * * *
The seven-headed hydra bites you but does no damage.
The seven-headed hydra bites you.
* * * LOW HITPOINT WARNING * * *
The seven-headed hydra closely misses you.
The seven-headed hydra bites you but does no damage.
You hit the seven-headed hydra.
The seven-headed hydra is moderately wounded.
The seven-headed hydra bites you but does no damage. x2
The seven-headed hydra barely misses you.
The seven-headed hydra bites you!
You die...

#.............
#............##
#.............#
####............#
#...............#
.....#..........#
.##.............#
####...........D##
##...>......#@#
#P.........###
###........#
##...##..#
#####!..#..#
###....#....##
##...........##
##.............#
...........#..##


You could see a seven-headed hydra.

Vanquished Creatures
  A hydra (Lair:1)
  A two-headed ogre (D:8)
  Pikel (D:6)
  A komodo dragon (Lair:1)
  A hippogriff (Lair:1)
  Eustachio (D:6)
  13 yaks (Lair:1)
  A basilisk (Lair:1)
  Duvessa (D:6)
  2 porcupines (Lair:1)
  4 ice beasts
  An orc warrior (D:8)
  2 sky beasts
  2 slaves (D:6)
  2 necrophages (D:7)
  A black bear (D:5)
  A hornet zombie (D:6)
  2 phantoms
  3 wolves (Lair:1)
  7 ogres
  2 crocodiles
  3 big kobolds
  6 bullfrogs
  A gnoll sergeant (D:7)
  Dowan (D:6)
  A scorpion (D:8)
  3 killer bees (D:8)
  2 wights
  2 howler monkeys (D:6)
  3 crimson imps
  A bullfrog zombie (D:7)
  2 centaur zombies
  A bullfrog skeleton (D:8)
  2 centaur skeletons
  6 hounds
  3 jellies
  4 orc wizards
  4 orc priests
  Terence (D:3)
  4 iguanas
  3 worker ants
  A hound zombie (D:8)
  A hound skeleton (D:6)
  A worker ant zombie (D:8)
  9 adders
  7 gnolls
  A howler monkey skeleton (D:6)
  3 oozes
  An adder skeleton (D:5)
  4 worms
  4 dart slugs
  4 leopard geckos
  24 orcs
  10 giant cockroaches
  10 goblins
  9 hobgoblins
  19 jackals
  22 kobolds
  6 quokkas
  2 ball pythons (Sewer)
  13 bats
  5 frilled lizards
  2 gnoll zombies (D:6)
  A jackal zombie (D:7)
  A leopard gecko zombie (D:8)
  14 rats
  A plant (D:8)
278 creatures vanquished.

Vanquished Creatures (others)
  2 slaves (D:6)
  A wight (D:6)
  A crimson imp (D:6)
  A worker ant zombie (D:6)
  A leopard gecko (D:6)
6 creatures vanquished.

Grand Total: 284 creatures vanquished

Notes
Turn   | Place    | Note
-------+----------+-------------------------------------------
     0 | D:1      | JeffiDaFish the Gargoyle Venom Mage began the quest for the Orb.
     0 | D:1      | Reached XP level 1. HP: 10/10 MP: 3/3
   181 | D:1      | Reached XP level 2. HP: 11/15 MP: 0/5
   365 | D:1      | Learned a level 2 spell: Poisonous Vapours
   782 | D:1      | Reached XP level 3. HP: 19/19 MP: 3/6
  1466 | D:2      | Reached XP level 4. HP: 23/24 MP: 0/7
  1683 | D:2      | Learned a level 3 spell: Mephitic Cloud
  1807 | D:2      | Reached skill level 1 in Armour
  2337 | D:3      | Reached XP level 5. HP: 27/28 MP: 4/9
  2541 | D:3      | Reached skill level 3 in Spellcasting
  2592 | D:3      | Found a shattered altar of Ashenzari.
  2748 | D:3      | Noticed Terence
  2757 | D:3      | Killed Terence
  2792 | D:3      | Noticed Cesar21's ghost (weakling FeMo)
  2974 | D:3      | Found a faded altar of an unknown god.
  3121 | D:3      | Learned a level 4 spell: Olgreb's Toxic Radiance
  3141 | D:3      | Found a stormy altar of Qazlal.
  3186 | D:3      | Found a glowing golden altar of the Shining One.
  3186 | D:3      | Found a glowing silver altar of Zin.
  3187 | D:3      | Found a white marble altar of Elyvilon.
  3497 | D:4      | Found a glowing drain.
  3501 | Sewer    | Entered a sewer
  3586 | Sewer    | Noticed a big kobold
  3586 | Sewer    | Noticed a big kobold
  3606 | Sewer    | Killed a big kobold
  3606 | Sewer    | Reached skill level 1 in Short Blades
  3606 | Sewer    | Reached skill level 1 in Air Magic
  3606 | Sewer    | Reached XP level 6. HP: 32/33 MP: 5/10
  4264 | D:4      | Reached skill level 1 in Fighting
  4622 | D:5      | Entered Level 5 of the Dungeon
  4657 | D:5      | Noticed a sky beast
  4670 | D:5      | Killed a sky beast
  4670 | D:5      | Reached XP level 7. HP: 31/38 MP: 6/12
  4943 | D:5      | Reached skill level 4 in Spellcasting
  5066 | D:5      | Reached XP level 8. HP: 37/43 MP: 14/14
  5111 | D:5      | Found an ornate altar of the Wu Jian Council.
  5152 | D:5      | Learned a level 5 spell: Venom Bolt
  6302 | D:6      | Noticed Pikel
  6331 | D:6      | Killed Pikel
  6331 | D:6      | Reached skill level 5 in Poison Magic
  6331 | D:6      | Reached XP level 9. HP: 41/49 MP: 10/16
  6490 | D:6      | Reached skill level 5 in Spellcasting
  7042 | D:6      | Noticed Dowan
  7068 | D:6      | Killed Dowan
  7120 | D:6      | Noticed Eustachio
  7131 | D:6      | Noticed Duvessa
  7139 | D:6      | Killed Eustachio
  7170 | D:6      | Killed Duvessa
  7170 | D:6      | Reached skill level 5 in Stealth
  7383 | D:6      | Found a basalt altar of Yredelemnul.
  7609 | D:7      | Found a radiant altar of Vehumet.
  7649 | D:7      | Became a worshipper of Vehumet
  7779 | D:7      | Found Hygethri's Antique Weapon Boutique.
  7785 | D:7      | Found a snail-covered altar of Cheibriados.
  7812 | D:7      | Found a shadowy altar of Dithmenos.
  7974 | D:7      | Reached skill level 6 in Spellcasting
  8039 | D:7      | Reached XP level 10. HP: 44/56 MP: 16/19
  8095 | D:7      | Reached skill level 5 in Dodging
  8096 | D:7      | Found a hide-covered altar of Uskayaw.
  8165 | D:7      | Found a shimmering altar of Xom.
  8421 | D:7      | Reached * piety under Vehumet
  8421 | D:7      | Offered knowledge of Sandblast by Vehumet.
  8427 | D:7      | Found a staircase to the Ecumenical Temple.
  8705 | D:8      | Noticed a two-headed ogre
  8722 | D:8      | Killed a two-headed ogre
  8907 | D:8      | Offered knowledge of Magic Dart by Vehumet.
  8987 | D:8      | Reached ** piety under Vehumet
  9391 | D:8      | Found a staircase to the Lair.
  9671 | Lair:1   | Entered Level 1 of the Lair of Beasts
  9704 | Lair:1   | Noticed a five-headed hydra
  9752 | Lair:1   | Reached skill level 5 in Conjurations
  9828 | Lair:1   | Killed a five-headed hydra
  9828 | Lair:1   | Reached skill level 5 in Fighting
  9828 | Lair:1   | Reached skill level 5 in Armour
  9828 | Lair:1   | Reached XP level 11. HP: 49/63 MP: 19/21
 10100 | Lair:1   | Reached skill level 7 in Spellcasting
 10220 | Lair:1   | Found a frozen archway.
 10254 | Lair:1   | Offered knowledge of Searing Ray by Vehumet.
 10307 | Lair:1   | Learned a level 2 spell: Searing Ray
 10368 | Lair:1   | Noticed a seven-headed hydra
 10370 | Lair:1   | Noticed Colliwobble's ghost (journeyman GrFi)
 10842 | Lair:1   | Slain by a seven-headed hydra

Vault maps used:
D:1:      onia_arrival_mini_maze
D:2:      serial_bayou_pond_e
D:3:      good_gods_temple_1, ashenzari_altar_1, marbit_many_paths, first_bread,
          chequers_ecumenical_altar_simple_redux, corexii_hall_statues_i,
          uniq_terence
D:4:      gup_sewer_entry_bowl
D:5:      lemuel_crystal_altar, minmay_item_behind_shaft
D:6:      lemuel_zombie_altar_yredelemnul, minmay_joined_circles, uniq_duvessa,
          uniq_eustachio, uniq_pikel
D:7:      lemuel_coloured_pillars_altar, lemuel_round_altar,
          vehumet_altar_wand_db, old_standard_altar, slow_altar_1,
          minmay_temple_entry_fiery, serial_shops, nicolae_shop_crystal
D:8:      dpeg_oklobed_lair
Lair:1:   portal_ice_cave_entry_pillars_1, lemuel_old_faithful
Sewer:    kennysheep_pipe_town

Skill      XL: |  1  2  3  4  5  6  7  8  9 10 11 |
---------------+----------------------------------+-----
Dodging        | 2 3 4 5 6 |  6.2
Armour         | 1 2 3 5 |  5.3
Spellcasting   | 3 4 6 7 |  7.1
Poison Magic   | 4 5 6 |  6.6
Short Blades   | 1 2 3 4 |  4.7
Air Magic      | 1 2 3 4 |  4.1
Conjurations   | 2 3 4 5 |  5.5
Stealth        | 3 4 5 6 |  6.6
Fighting       | 1 2 3 5 |  5.5
Polearms       | |  0.1

Action                   |  1- 3 |  4- 6 |  7- 9 | 10-12 || total
-------------------------+-------+-------+-------+-------++-------
Melee: Dagger            |    42 |    13 |       |       ||    55
       Unarmed           |     5 |       |       |       ||     5
       Spear             |       |    38 |       |       ||    38
       Rapier            |       |   197 |   536 |   404 ||  1137
 Cast: Sting             |    19 |    13 |    19 |     3 ||    54
       Poisonous Vapours |    15 |    51 |    54 |    34 ||   154
       Mephitic Cloud    |       |    11 |    18 |    25 ||    54
       Olgreb's Toxic Ra |       |       |       |     9 ||     9
       Searing Ray       |       |       |       |     7 ||     7
       Venom Bolt        |       |       |       |     2 ||     2
  Use: Potion            |     3 |     6 |     2 |     7 ||    18
       Scroll            |     2 |     9 |     7 |     2 ||    20
 Stab: Confused          |       |     8 |     5 |    16 ||    29
       Sleeping          |       |     1 |     1 |     2 ||     4
       Distracted        |       |       |       |     2 ||     2
  Eat: Chunk             |     3 |    15 |    14 |    11 ||    43
Armor: Robe              |     7 |       |       |       ||     7
       Leather armour    |     7 |    78 |   175 |   123 ||   383
Dodge: Dodged            |    27 |   148 |   205 |   155 ||   535
